 Dungeon Crawl Stone Soup version 0.25.1-9-gc5326a611f (webtiles) character file.

Game seed: 15608926833231846602

788 Mattiprrivan the Skirmisher (level 7, -1/71 HPs)
             Began as an Ogre Skald on Jan 2, 2021.
             Slain by an orc wizard
             ... wielding a +3 dagger
              (3 damage)
             ... on level 5 of the Dungeon.
             The game lasted 00:45:17 (5171 turns).

Mattiprrivan the Skirmisher (Ogre Skald)            Turns: 5171, Time: 00:45:17

Health: -1/71      AC:  6    Str: 17    XL:     7   Next: 87%
Magic:  11/11      EV: 11    Int: 14    God:
Gold:   349        SH:  0    Dex:  9    Spells: 3/12 levels left

rFire    . . .     SeeInvis .   c - +0 whip (vamp)
rCold    . . .     Gourm    .   (no shield)
rNeg     . . .     Faith    .   b - +0 robe
rPois    +         Spirit   .   e - +2 hat
rElec    .         Reflect  .   d - +0 cloak
rCorr    .         Harm     .   (gloves unavailable)
MR       .....                  (boots unavailable)
Stlth    +.........             (no amulet)
HPRegen  0.21/turn              n - ring of poison resistance
MPRegen  0.12/turn              (no ring)

@: no status effects
A: large, unfitting armour, tough skin 1
a: no special abilities


You were on level 5 of the Dungeon.
You were completely stuffed.

You visited 1 branch of the dungeon, and saw 6 of its levels.

You collected 349 gold pieces.

Inventory:

Hand Weapons
 a - a +0 mace
 c - a +0 vampiric whip (weapon)
Armour
 b - a +0 robe (worn)
 d - a +0 cloak (worn)
 e - a +2 hat (worn)
Jewellery
 n - a ring of poison resistance (left hand)
Wands
 k - a wand of digging (4)
Scrolls
 j - 2 scrolls of remove curse
 l - a scroll of noise
Potions
 p - a potion of flight
Comestibles
 f - 9 rations


   Skills:
 * Level 4.8 Fighting
 * Level 4.5 Maces & Flails
 * Level 2.1 Throwing
 * Level 1.8 Armour
 * Level 3.5 Dodging
 * Level 3.0 Spellcasting
 * Level 1.5 Hexes
 * Level 3.2 Charms
 * Level 0.5 Summonings
 * Level 0.4 Necromancy
 * Level 0.3 Translocations
 * Level 1.1 Evocations


You had 3 spell levels left.
You knew the following spells:

 Your Spells              Type           Power        Failure   Level  Hunger
a - Infusion              Chrm           ##..         6%          1    #......
b - Song of Slaying       Chrm           ##......     9%          2    ##.....
c - Spectral Weapon       Hex/Chrm       #.......     24%         3    ###....
d - Animate Skeleton      Necr           N/A          19%         1    #......
e - Apportation           Tloc           #.....       19%         1    #......
f - Summon Small Mammal   Summ           #...         17%         1    #......

Your spell library contained the following spells:

 Spells                   Type           Power        Failure   Level  Hunger
 Corona                   Hex            #......      12%         1    #......
 Shroud of Golubria       Chrm/Tloc      #.....       16%         2    ##.....
 Ozocubu's Armour         Chrm/Ice       #.......     32%         3    ###....


Dungeon Overview and Level Annotations

Branches:
Dungeon (6/15)
 Temple: D:4-7

Altars:


Innate Abilities, Weirdness & Mutations

You are too large for most types of armour.
You have tough skin. (AC +1)


Message History

You are confused.
You're too confused to move!
Something hits you but does no damage.
You bump into the rock wall.
Something hits you but does no damage.
You bump into the rock wall.
You hear some strange, mumbled words.
A puff of flame appears from out of thin air!
The puff of flame misses you.
You closely miss something. Something hits you but does no damage.
You completely miss something. You completely miss something.
Something hits you.
* * * LOW HITPOINT WARNING * * *
You bump into the rock wall.
The orc priest begins to cast a cantrip, but forgets the words!
Something hits you but does no damage.
You bump into the rock wall.
You feel less confused. Something hits you.
* * * LOW HITPOINT WARNING * * *
You hit something but do no damage. Something hits you.
You die...

#.##########.#### #.######## #.#
#.# #.# # #.# ###.### #.# # #+##
#.....# #.# # ...## #.....# #.# #
....## #..)..# #.## ## .....##
#.>[..# #..## ##.
......####.....#########...####..
......'<.(....o{@.............+..
......####?..########.......###..
.....######.##### #.......# ##.
....## #........# #.......# ##
...## #.##.###.# #......(# # #+##
#.##..##.# #.......#
#.######.###.##.# #.......#
#.........##.##.# ####.####
#.######........# #.#


You could see an orc priest (poisoned).

Vanquished Creatures
  Menkaure (D:4)
  A phantom (D:5)
  A sky beast (D:5)
  A scorpion (D:5)
  A centaur skeleton (D:5)
  2 orc wizards
  2 bullfrog skeletons (D:5)
  5 worker ants
  Terence (D:2)
  4 gnolls (D:4)
  3 adders
  An adder skeleton (D:4)
  A worm (D:2)
  5 dart slugs
  3 leopard geckos
  7 orcs
  A ball python (D:3)
  6 bats
  13 giant cockroaches
  6 hobgoblins
  9 kobolds
  2 frilled lizards
  9 goblins
  5 rats
90 creatures vanquished.

Notes
Turn   | Place    | Note
-------+----------+-------------------------------------------
     0 | D:1      | Mattiprrivan the Ogre Skald began the quest for the Orb.
     0 | D:1      | Reached XP level 1. HP: 22/22 MP: 3/3
   208 | D:1      | Reached XP level 2. HP: 28/31 MP: 5/5
   610 | D:1      | Learned a level 2 spell: Song of Slaying
   906 | D:1      | Reached XP level 3. HP: 37/37 MP: 6/6
   911 | D:1      | Learned a level 3 spell: Spectral Weapon
  1164 | D:2      | Noticed Terence
  1199 | D:2      | Killed Terence
  1388 | D:2      | Reached XP level 4. HP: 48/48 MP: 5/7
  2105 | D:3      | Reached XP level 5. HP: 54/54 MP: 8/8
  2826 | D:4      | Noticed Menkaure
  2848 | D:4      | Killed Menkaure
  2848 | D:4      | Reached skill level 1 in Throwing
  2848 | D:4      | Reached skill level 1 in Armour
  2848 | D:4      | Reached XP level 6. HP: 57/62 MP: 9/9
  2873 | D:4      | Reached skill level 1 in Hexes
  2969 | D:4      | Learned a level 1 spell: Animate Skeleton
  2971 | D:4      | Learned a level 1 spell: Apportation
  2973 | D:4      | Learned a level 1 spell: Summon Small Mammal
  3459 | D:5      | Entered Level 5 of the Dungeon
  3537 | D:5      | Noticed a phantom
  3555 | D:5      | Killed a phantom
  3555 | D:5      | Reached XP level 7. HP: 66/71 MP: 8/11
  3844 | D:5      | Reached skill level 1 in Evocations
  5170 | D:5      | HP: 1/71 [something (5)]
  5171 | D:5      | Slain by an orc wizard

Illustrated notes

Levels and vault maps discovered:
D:1:      dpeg_arrival_erosion, layout_loops_ring, kennysheep_decorative_pillar,
          corexii_item_surrounded_by_moat, dk_noncrumbling_3
D:2:      cheibrodos_greedy_goblins, layout_rooms, first_ration, uniq_terence
D:3:      minmay_roachtagon, layout_loops_corners, grunt_decor_arrowhead
D:4:      layout_rooms, uniq_menkaure
D:5:      layout_loops_corners
D:6:      kennysheep_orc_sif_temple, layout_rooms, kennysheep_little_box,
          serial_bayou, serial_bayou_shore_a, serial_bayou_shore_b,
          serial_bayou_pond_d, serial_bayou_lagoon_a,
          chequers_serial_rivers_micro_d, uniq_blork_the_orc

Skill      XL: |  1  2  3  4  5  6  7 |
---------------+----------------------+-----
Maces & Flails | 2 3 4 |  4.5
Fighting       | 3 4 |  4.8
Throwing       | 1 2 |  2.1
Armour         | 1 |  1.8
Hexes          | 1 |  1.5
Dodging        | 3 |  3.5
Charms         | 3 |  3.2
Evocations     | 1 |  1.1
Spellcasting   | 3 |  3.0
Summonings     | |  0.5
Necromancy     | |  0.4
Translocations | |  0.3

Action                   |  1- 3 |  4- 6 |  7- 9 || total
-------------------------+-------+-------+-------++-------
Melee: Mace              |    76 |       |       ||    76
       Whip              |    57 |   179 |   134 ||   370
Throw: Dart              |       |     6 |    32 ||    38
 Cast: Spectral Weapon   |     1 |     2 |       ||     3
       Song of Slaying   |     1 |     1 |       ||     2
       Summon Small Mamm |       |     2 |     2 ||     4
Evoke: Wand              |       |    14 |     4 ||    18
  Use: Potion            |     2 |    11 |     6 ||    19
       Scroll            |     5 |     3 |     3 ||    11
 Stab: Sleeping          |       |     1 |       ||     1
  Eat: Ration            |     2 |     3 |     2 ||     7
Armor: Robe              |    48 |    82 |    48 ||   178
Dodge: Dodged            |    76 |   111 |    34 ||   221
